 Dungeon Crawl Stone Soup version 0.17-a0-18-gc25b939 (webtiles) character file.

1187 Chiseanne the Covert (level 8, -15/54 HPs)
             Began as an Octopode Assassin on Mar 12, 2015.
             Was an Initiate of Gozag.
             Demolished by an orc warrior
             ... wielding a +0 glaive
              (18 damage)
             ... on level 6 of the Dungeon.
             The game lasted 00:20:31 (6524 turns).

Chiseanne the Covert (Octopode Assassin)            Turns: 6524, Time: 00:20:32

Health: -15/54     AC:  1    Str: 12    XL:     8   Next: 43%
Magic:  8/8        EV: 12    Int: 14    God:    Gozag
Gold:   199        SH:  9    Dex: 13    Spells: 0 memorised, 7 levels left

rFire  . . .     SeeInvis .     w - +0 blowgun
rCold  . . .     Clarity  .     i - +1 shield {reflect}
rNeg   . . .     SustAb   .     (helmet restricted)
rPois  .         Gourm    .     (no amulet)
rElec  .         Spirit   .     (no ring)
rCorr  .         Warding  .     (no ring)
rMut   .         Stasis   .     (no ring)
MR     .....                    (no ring)
Stlth  ++++++....               (no ring)
                                (no ring)
                                (no ring)
                                (no ring)

@: about to teleport, not resistant to hostile enchantments, very stealthy
A: almost no armour, amphibious, 8 rings, constrict 8, camouflage 1, gelatinous
body 1
a: Potion Petition, Call Merchant, Bribe Branch, Renounce Religion


You were on level 6 of the Dungeon.
You worshipped Gozag.
Gozag was noncommittal.
You were not hungry.

You visited 2 branches of the dungeon, and saw 7 of its levels.

You collected 463 gold pieces.
You spent 144 gold pieces at shops.
You paid 120 gold pieces to Gozag.

Inventory:

Hand weapons
 a - a +2 dagger of draining
 s - the +11 mace "Boiresh" {speed, +Rage Str+3 Stlth-}
   (You bought it in a shop on level 4 of the Dungeon)

   Attacks with this weapon are significantly faster.
   It affects your strength (+3).
   It lets you go berserk.
   It makes you less stealthy.
 w - a +0 blowgun (weapon)
Missiles
 d - 7 poisoned bolts
 e - 54 poisoned needles (quivered)
 f - 3 needles of slowing
 l - 11 arrows of frost
 y - 14 tomahawks
 A - 20 arrows
 F - 19 sling bullets
Armour
 i - a +1 shield of reflection (worn)
Scrolls
 c - 2 scrolls of remove curse
 m - a scroll of noise
 p - 2 scrolls of blinking {unknown}
 q - 2 scrolls of teleportation
 r - a scroll of magic mapping {unknown}
 v - 2 scrolls of enchant weapon {unknown}
 z - a scroll of enchant armour {unknown}
 B - 2 scrolls of recharging {unknown}
 C - a scroll of fog {unknown}
 D - 2 scrolls of identify
Potions
 b - 5 potions of brilliance
 h - a potion of heal wounds
 n - a potion of might
 o - a potion of curing
 u - 2 potions of ambrosia
Books
 t - a book of Debilitation

   Spells                             Type                      Level
   a - Corona                         Hexes                        1
   b - Slow                           Hexes                        2
   c - Inner Flame                    Hexes/Fire                   3
   d - Enslavement                    Hexes                        4
   e - Cause Fear                     Hexes                        4
   f - Leda's Liquefaction            Hexes/Earth                  4
 x - a book of Conjurations

   Spells                             Type                      Level
   a - Magic Dart                     Conjuration                  1
   b - Searing Ray                    Conjuration                  2
   c - Dazzling Spray                 Conjuration/Hexes            3
   d - Fulminant Prism                Conjuration/Hexes            4
   e - Iskenderun's Mystic Blast      Conjuration                  4
   f - Iskenderun's Battlesphere      Conjuration/Charms           5
 E - a book of Summonings

   Spells                             Type                      Level
   a - Abjuration                     Summoning                    3
   b - Recall                         Summoning/Translocation      3
   c - Shadow Creatures               Summoning                    5
   d - Summon Demon                   Summoning                    5
   e - Summon Forest                  Summoning/Translocation      5
   f - Monstrous Menagerie            Summoning                    6
Comestibles
 g - 2 bread rations
 k - 8 meat rations


   Skills:
 * Level 4.4 Fighting
 - Level 2.0 Short Blades
 - Level 2.0 Throwing
 * Level 5.1 Dodging
 * Level 10.5 Stealth
 * Level 2.9 Shields


You had 7 spell levels left.
You didn't know any spells.

Dungeon Overview and Level Annotations

Branches:
Dungeon (6/15)             Temple (1/1) D:5

Altars:
Ashenzari
Cheibriados
Dithmenos
Elyvilon
Fedhas
Gozag
Kikubaaqudgha
Makhleb
Nemelex Xobeh
Okawaru
Qazlal
Sif Muna
Trog
Xom
Yredelemnul
Zin
The Shining One

Shops:
D:4 (


Innate Abilities, Weirdness & Mutations

You cannot wear most types of armour.
You are amphibious.
You can wear up to eight rings at the same time.
You can use your tentacles to constrict many enemies at once.
Your skin changes colour to match your surroundings (Stealth).
Your rubbery body absorbs attacks (AC +1).


Message History

Ouch! That really hurt!
A jackal comes into view.
The jackal barks!
You block the bat's attack.
You feel a bit more experienced. You block the bat's attack. The bat hits you.
Firing (i - inventory. (,) - cycle):
j - a curare-tipped needle (quivered)
Press: ? - help, Shift-Dir - straight line, f - bat
Aim: a bat You shoot a curare-tipped needle.
The curare-tipped needle hits the bat.
The bat is poisoned.
The bat convulses.
You kill the bat!
The orc warrior hits you from afar with a glaive!!
* * * LOW HITPOINT WARNING * * *
Read which item? (? for menu, Esc to quit)
As you read the scroll of teleportation, it crumbles to dust.
You feel strangely unstable.
The orc warrior hits you from afar with a glaive!!
You die...
Your body crumbles into a pile of gold.

#.# ############### #.#
#.......#)....# ####.#
#.............# #....#
#.............###....###
#....................... .
#........#.#'####....... ....
######...#.#............ .....
#.@.#.#...#........ ......
######...#.#.###........ .h.o...
#...oo...+.....[........ .......
#..###...#.#####........
.o...o.##..###...#.#####........
........#.>.$....................
..........###########.####.......
#####.......# #..............#+##
#....##.# #.........###..#.##


You could see an orc warrior and an orc.

Vanquished Creatures
  An orc warrior (D:6)
  2 phantoms (D:5)
  An ogre (D:6)
  A giant frog (D:6)
  A wyvern zombie (D:6)
  A scorpion (D:4)
  3 wights (D:6)
  A centaur skeleton (D:6)
  A crimson imp (D:6)
  2 hounds
  3 orc priests
  3 orc wizards (D:4)
  An iguana (D:5)
  2 worker ants (D:6)
  A hound zombie (D:6)
  Terence (D:2)
  6 adders
  An adder zombie (D:6)
  An adder skeleton (D:4)
  3 giant geckos
  An ooze (D:1)
  13 orcs
  A ball python (D:1)
  10 giant cockroaches
  11 hobgoblins
  3 jackals (D:6)
  18 kobolds
  4 quokkas
  12 bats
  5 giant newts
  8 goblins
  A quokka skeleton (D:6)
  2 quokka zombies (D:6)
  10 rats
  2 toadstools (D:1)
137 creatures vanquished.

Vanquished Creatures (others)
  A butterfly (D:4)
  2 toadstools (D:1)
3 creatures vanquished.

Grand Total: 140 creatures vanquished

Notes
Turn   | Place    | Note
--------------------------------------------------------------
     0 | D:1      | Chiseanne, the Octopode Assassin, began the quest for the Orb.
     0 | D:1      | Reached XP level 1. HP: 14/14 MP: 1/1
    83 | D:1      | Reached XP level 2. HP: 10/19 MP: 2/2
   516 | D:1      | Reached skill level 6 in Stealth
   999 | D:1      | Reached XP level 3. HP: 22/24 MP: 3/3
  1214 | D:2      | Noticed Terence
  1231 | D:2      | Killed Terence
  1264 | D:2      | Reached skill level 7 in Stealth
  1264 | D:2      | Reached XP level 4. HP: 30/30 MP: 4/4
  1642 | D:2      | Found a bloodstained altar of Trog.
  2009 | D:3      | Found a shattered altar of Ashenzari.
  2662 | D:3      | Reached XP level 5. HP: 23/35 MP: 5/5
  3103 | D:4      | Reached skill level 8 in Stealth
  3103 | D:4      | Reached skill level 1 in Shields
  3103 | D:4      | Reached XP level 6. HP: 40/42 MP: 6/6
  3421 | D:4      | Found Kabliasa's Antique Weapon Emporium.
  4112 | D:5      | Entered Level 5 of the Dungeon
  4152 | D:5      | Found a sparkling altar of Nemelex Xobeh.
  4167 | D:5      | Reached skill level 9 in Stealth
  4283 | D:5      | Found a glowing golden altar of the Shining One.
  4286 | D:5      | Found a staircase to the Ecumenical Temple.
  4387 | Temple   | Entered the Ecumenical Temple
  4435 | Temple   | Became a worshipper of Gozag Ym Sagoz the Greedy
  4671 | D:5      | Reached XP level 7. HP: 23/46 MP: 7/7
  4867 | D:5      | Found a snail-covered altar of Cheibriados.
  5489 | D:6      | Found a shadowy altar of Dithmenos.
  5726 | D:4      | Bought a steaming mace for 144 gold pieces
  5727 | D:4      | Identified the +11 mace "Boiresh" {speed, +Rage Str+3 Stlth-} (You bought it in a shop on level 4 of the Dungeon)
  5943 | D:6      | Reached skill level 10 in Stealth
  6035 | D:6      | Reached XP level 8. HP: 41/54 MP: 8/8
  6162 | D:6      | Reached skill level 5 in Dodging
  6518 | D:6      | HP: 2/54 [orc warrior/glaive (23)]
  6524 | D:6      | Demolished by an orc warrior

Action                   |  1- 3 |  4- 6 |  7- 9 || total
-------------------------+-------+-------+-------++-------
Melee: Dagger            |    69 |   123 |    77 ||   269
       Mace              |       |       |    20 ||    20
 Fire: Blowgun           |     6 |     7 |     4 ||    17
Throw: Tomahawk          |       |    10 |    13 ||    23
  Use: Scroll            |       |    10 |     1 ||    11
       Potion            |       |     5 |       ||     5
 Stab: Sleeping          |     8 |    20 |     4 ||    32
       Distracted        |     1 |       |     3 ||     4
  Eat: Chunk             |     1 |     8 |       ||     9
       Bread ration      |       |     1 |     1 ||     2
       Fruit             |       |     1 |       ||     1
